 Dungeon Crawl Stone Soup version 0.20.1-1-g8b1a95d (webtiles) character file.

2468 Lanoc the Archer (level 9, -2/67 HPs)
             Began as a Centaur Arcane Marksman on Nov 23, 2017.
             Was a Follower of Hepliaklqana.
             Slain by an orc warlord
             ... wielding a +3 long sword
              (36 damage)
             ... in a bailey.
             The game lasted 00:45:27 (6994 turns).

Lanoc the Archer (Centaur Arcane Marksman)          Turns: 6994, Time: 00:45:28

Health: -2/67      AC:  8    Str: 14    XL:     9   Next: 26%
Magic:  11/11      EV: 11    Int: 12    God:    Hepliaklqana [*.....]
Gold:   263        SH:  0    Dex: 12    Spells: 8/11 levels left

rFire    + . .     SeeInvis +   A - +9 spear "Diff" {distort, SInv Stlth+}
rCold    . . .     Gourm    .   (no shield)
rNeg     + . .     Faith    .   C - +1 robe {rF+}
rPois    .         Spirit   .   (no helmet)
rElec    .         Reflect  .   (no cloak)
rCorr    .         Harm     .   I - +2 pair of gloves of Greater Demons {rN+ MR+}
MR       +....                  (no barding)
Stlth    +++.......             q - amulet of rage
Regen    0.3/turn               (no ring)
MPRegen  0.2/turn               (no ring)

@: very quick
A: reduced essence, hooves 3, deformed body, speed 2, tough skin 3
a: Recall Ancestor, Ancestor Identity, Renounce Religion, Evoke Berserk Rage


You were in a bailey.
You worshipped Hepliaklqana.
Hepliaklqana was aware of your devotion.
You were not hungry.

You visited 2 branches of the dungeon, and saw 8 of its levels.
You also visited: Bailey.

You collected 333 gold pieces.
You spent 70 gold pieces at shops.

Inventory:

Hand Weapons
 e - a +3 war axe
 A - the +9 spear "Diff" (weapon) {distort, SInv Stlth+}
   (You found it on level 4 of the Dungeon)

   It warps and distorts space around it.
   Unwielding it can cause banishment or high damage.
   It lets you see invisible.
   It makes you more stealthy.
 G - a +3 shortbow
 O - a +6 halberd of freezing
Missiles
 d - 68 arrows
Armour
 C - a +1 robe of fire resistance (worn)
 I - the +2 pair of gloves of Greater Demons (worn) {rN+ MR+}
   (You found it on level 6 of the Dungeon)

   It protects you from negative energy.
   It affects your resistance to hostile enchantments.
 P - a +0 leather armour of magic resistance
Jewellery
 q - an amulet of rage (around neck)
Wands
 z - a wand of iceblast (4/15)
 B - a wand of disintegration (7/24)
 D - a wand of confusion (37/48)
 F - a wand of flame (26/48)
Scrolls
 a - a scroll of magic mapping {unknown}
 g - 6 scrolls of identify {unknown}
 h - 5 scrolls of teleportation {unknown}
 j - 5 scrolls of enchant armour {unknown}
 p - 5 scrolls of recharging {unknown}
 s - 3 scrolls of remove curse {unknown}
 u - 2 scrolls of amnesia {unknown}
 x - a scroll of immolation {unknown}
 y - a scroll of fear {unknown}
 L - a scroll of blinking {unknown}
 M - a scroll of enchant weapon {unknown}
Potions
 b - 2 potions of heal wounds
 k - 2 potions of mutation {unknown}
 l - 2 potions of lignification {unknown}
 n - 3 potions of flight {unknown}
 o - a potion of degeneration {unknown}
 r - a potion of might {unknown}
 t - 5 potions of curing {unknown}
 v - a potion of cancellation {unknown}
 w - 3 potions of invisibility {unknown}
 J - 2 potions of agility {unknown}
 K - a potion of haste {unknown}
 N - a potion of brilliance {unknown}
Books
 c - a book of Debilitation

   Spells                             Type                      Level
   a - Corona                         Hexes                        1
   b - Slow                           Hexes                        2
   c - Inner Flame                    Hexes/Fire                   3
   d - Portal Projectile              Hexes/Translocation          3
   e - Cause Fear                     Hexes                        4
   f - Leda's Liquefaction            Hexes/Earth                  4
 H - Reboiw's Handbook of Beguiling and Creation
   (You found it on level 6 of the Dungeon)

   Spells                             Type                      Level
   a - Confusing Touch                Hexes                        1
   b - Corona                         Hexes                        1
   c - Slow                           Hexes                        2
   d - Ensorcelled Hibernation        Hexes/Ice                    2
   e - Inner Flame                    Hexes/Fire                   3
   f - Cause Fear                     Hexes                        4
   g - Malign Gateway                 Summoning/Translocation      7
Comestibles
 f - 5 bread rations
 i - 2 royal jellies
 m - 3 meat rations


   Skills:
 + Level 5.6 Fighting
 + Level 5.7 Polearms
 - Level 9.1 Bows
 + Level 3.1 Dodging
 + Level 2.2 Stealth
 + Level 1.8 Spellcasting
 + Level 3.3 Hexes


You had 8 spell levels left.
You knew the following spells:

 Your Spells              Type           Power        Failure   Level  Hunger
a - Corona                Hex            #......      7%          1    ##.....
b - Slow                  Hex            #.......     11%         2    ###....


Dungeon Overview and Level Annotations

Branches:
Dungeon (7/15)             Temple (1/1) D:4

Altars:
Ashenzari
Cheibriados
Dithmenos
Elyvilon
Fedhas
Gozag
Hepliaklqana
Nemelex Xobeh
Qazlal
Ru
Sif Muna
Trog
Uskayaw
Vehumet
Xom
Yredelemnul
Zin

Shops:
D:4 !   D:5 [:=   D:6 [

Annotations:
D:4 Grinder


Innate Abilities, Weirdness & Mutations

You have hooves in place of feet.
Armour fits poorly on your strangely shaped body.
You cover ground very quickly.
You have extremely tough skin. (AC +3)
Your life essence is reduced to manifest your ancestor. (-10% HP)


Message History

The gnoll disappears!
An orc comes into view. It is wielding a war axe.
You puncture the goblin!
You kill the goblin!
The gnoll hits you but does no damage.
You puncture the gnoll!
You kill the gnoll!
The orc warlord roars a battlecry!
The orc goes into a battle-frenzy!
You hit the orc warrior.
Space warps horribly around the orc warrior!
You kill the orc warrior!
You completely miss the orc warlord. The orc warlord blocks your attack.
The orc knight roars a battlecry!
The orc warlord goes into a battle-frenzy!
The orc warlord blocks Decima's attack.
The orc warlord barely misses Decima.
You feel much better.
The orc warlord blocks Decima's attack.
The orc warlord hits you with an enchanted long sword!!!
Ouch! That really hurt!
You die...

##.........###o....
#...........#)o....
#......).)).)o..o..
#.....⌠..o..#)).o.⌠
#)).....g)..#....g.
#..)o.......#...... ♣♣♣
###go...o...###.....
♣.♣♣♣♣♣♣
###.#o#.....### ###...
♣....♣.♣###...R@###.###
###.
♣♣......##......)..###
. ##
♣.......#....o......#
.... #
........'...........#
..o..#
♣..∩.∩..'.....))....#
...ogo
♣.......'......)....#
..goo#
♣.......#.).........#
...g##
♣♣......##.........##
.... #
♣....♣.♣###.....### o.


You could see the friendly Decima the ancestor, an orc warlord, an orc knight,
an orc warrior, a gnoll and an orc.

Vanquished Creatures
  Edmund (D:4)
  8 orc warriors (Bailey)
  A sky beast (D:7)
  An ice beast (D:6)
  A black bear (D:4)
  4 ogres
  2 centaurs
  A bullfrog (D:7)
  3 hounds
  A jelly (D:5)
  2 orc wizards (D:5)
  A bullfrog skeleton (D:6)
  An iguana (D:4)
  Ijyb (D:4)
  6 worker ants
  A hound zombie (D:5)
  Robin (D:4)
  4 gnolls (Bailey)
  7 adders
  7 worms
  3 dart slugs
  A leopard gecko (D:6)
  24 orcs
  2 ball pythons
  7 bats
  6 giant cockroaches
  23 goblins
  20 hobgoblins
  2 quokkas (D:6)
  8 frilled lizards
  6 kobolds
  A leopard gecko zombie (D:5)
  7 rats
  2 butterflies (D:4)
  A plant (D:4)
167 creatures vanquished.

Vanquished Creatures (collateral kills)
  An ogre (D:4)
  3 goblins
4 creatures vanquished.

Vanquished Creatures (others)
  4 ancestors (Bailey)
  A gnoll (Bailey)
  A hobgoblin (Bailey)
6 creatures vanquished.

Grand Total: 177 creatures vanquished

Notes
Turn   | Place    | Note
-------+----------+-------------------------------------------
     0 | D:1      | Lanoc the Centaur Arcane Marksman began the quest for the Orb.
     0 | D:1      | Reached XP level 1. HP: 16/16 MP: 2/2
   357 | D:1      | Reached XP level 2. HP: 23/23 MP: 3/3
   366 | D:1      | Learned a level 2 spell: Slow
   740 | D:2      | Reached skill level 3 in Bows
   820 | D:2      | Reached XP level 3. HP: 19/28 MP: 4/4
  1084 | D:2      | Found a basalt altar of Yredelemnul.
  1087 | D:2      | Found a shadowy altar of Dithmenos.
  1102 | D:2      | Reached skill level 4 in Bows
  1379 | D:2      | Found a white marble altar of Elyvilon.
  1381 | D:2      | Found an opulent altar of Gozag.
  1457 | D:2      | Reached XP level 4. HP: 35/35 MP: 5/5
  1831 | D:3      | Reached skill level 5 in Bows
  2740 | D:3      | Reached XP level 5. HP: 28/41 MP: 6/6
  2966 | D:4      | Got a pitted spear
  2996 | D:4      | Noticed an ogre
  3038 | D:4      | Killed an ogre
  3038 | D:4      | Reached skill level 6 in Bows
  3113 | D:4      | Noticed Ijyb
  3135 | D:4      | Killed Ijyb
  3302 | D:4      | Found a sacrificial altar of Ru.
  3305 | D:4      | Became a worshipper of Ru the Awakened
  3333 | D:4      | Noticed a black bear
  3341 | D:4      | Killed a black bear
  3341 | D:4      | Reached skill level 7 in Bows
  3341 | D:4      | Reached XP level 6. HP: 40/50 MP: 7/7
  3471 | D:4      | Noticed Robin
  3479 | D:4      | Killed Robin
  3514 | D:4      | Found Ismua's Distillery.
  3517 | D:4      | Bought a potion of heal wounds for 70 gold pieces
  3602 | D:4      | Found a blossoming altar of Fedhas.
  3667 | D:4      | Noticed Edmund
  3736 | D:4      | Identified the +9 spear "Diff" {distort, SInv Stlth+} (You found it on level 4 of the Dungeon)
  3738 | D:4      | Killed Edmund
  3738 | D:4      | Reached skill level 8 in Bows
  3738 | D:4      | Reached XP level 7. HP: 23/57 MP: 6/8
  3808 | D:4      | Found a staircase to the Ecumenical Temple.
  3813 | Temple   | Entered the Ecumenical Temple
  3930 | Temple   | Fell from the grace of Ru
  3930 | Temple   | Became a worshipper of Hepliaklqana the Forgotten
  4435 | D:4      | Noticed Grinder
  4565 | D:5      | Entered Level 5 of the Dungeon
  4588 | D:5      | Found Laes's Jewellery Emporium.
  4637 | D:5      | Reached skill level 9 in Bows
  4730 | D:5      | Reached skill level 1 in Polearms
  5206 | D:5      | Found Nainn's Antique Armour Shop.
  5243 | D:5      | Found Vaot's Book Shoppe.
  5262 | D:5      | Reached skill level 1 in Stealth
  5262 | D:5      | Reached XP level 8. HP: 59/59 MP: 7/10
  5446 | D:6      | Found a radiant altar of Vehumet.
  5451 | D:6      | Found a shimmering altar of Xom.
  5473 | D:6      | Found Itisop's Antique Armour Shoppe.
  5542 | D:6      | Reached * piety under Hepliaklqana
  5836 | D:6      | Found a glowing silver altar of Zin.
  5857 | D:6      | Identified Reboiw's Handbook of Beguiling and Creation
  6283 | D:6      | Got a pair of translucent gloves
  6294 | D:6      | Identified the +2 pair of gloves of Greater Demons {rN+ MR+} (You found it on level 6 of the Dungeon)
  6408 | D:7      | Found a deep blue altar of Sif Muna.
  6564 | D:7      | Found a flagged portal.
  6581 | Bailey   | Entered a bailey
  6601 | Bailey   | Reached skill level 5 in Fighting
  6738 | Bailey   | Reached XP level 9. HP: 17/66 MP: 11/11
  6739 | Bailey   | Reached skill level 5 in Polearms
  6843 | Bailey   | Noticed an orc warlord
  6844 | Bailey   | Noticed an orc knight
  6994 | Bailey   | Slain by an orc warlord

Skill      XL: |  1  2  3  4  5  6  7  8  9 |
---------------+----------------------------+-----
Hexes          | 3 |  3.3
Bows           | 3 4 5 7 8 9 |  9.1
Fighting       | 2 3 5 |  5.6
Dodging        | 2 3 |  3.1
Polearms       | 2 4 5 |  5.7
Stealth        | 1 2 |  2.2
Spellcasting   | |  1.8

Action                   |  1- 3 |  4- 6 |  7- 9 || total
-------------------------+-------+-------+-------++-------
Melee: Spear             |       |     2 |   219 ||   221
       Kick              |       |       |    35 ||    35
 Fire: Shortbow          |   107 |   224 |       ||   331
 Cast: Corona            |     1 |     6 |       ||     7
Invok: Recall Ancestor   |       |       |     3 ||     3
       Ancestor Identity |       |       |     1 ||     1
  Use: Potion            |       |       |     3 ||     3
 Stab: Distracted        |       |       |     1 ||     1
       Sleeping          |       |       |     1 ||     1
  Eat: Chunk             |       |     4 |     8 ||    12
       Royal jelly       |       |     1 |       ||     1
       Bread ration      |       |       |     1 ||     1
Armor: Robe              |     5 |    28 |    28 ||    61
Dodge: Dodged            |    11 |    48 |    60 ||   119
